cohdb
Replays
Latest Replays
All Replays
Popular Replays
Top Player Replays
Match Explorer
How It Works
Community
CoH3 Stats
Reddit
Sign in to upload your games and track your stats! →
Sign in with Steam
Match 40059327
Unlisted
Match 40059327
Overview
Messages
Build Orders
End
Engineer Squad
Construct Barracks
Selects Airborne Battlegroup
Selects Heavy Machine Gun Paradrop
Heavy Machine Gun Paradrop
Riflemen Squad
M1 Mortar Team
Construct Weapon Support Center
Bazooka Squad
Riflemen Squad
Infantry Support Center
Riflemen Squad
Construct Tank Depot
Selects Recon Loiter
Selects Paradrop Reinforcements
M4A1 Sherman Medium Tank
Recon Loiter
Selects Dual P-47 Rocket Strike
Dual P-47 Rocket Strike
M4(105) Sherman Bulldozer
Survival Training
Improved M9 Bazooka Rockets
M4A1 Sherman Medium Tank
Dual P-47 Rocket Strike
Grenade Package
Engineer Squad
Recon Loiter
Dual P-47 Rocket Strike
M18 Hellcat Tank Destroyer
Selects Paratrooper Squad Paradrop
Selects Anti-tank Gun Team Paradrop
Recon Loiter
Riflemen Squad
Riflemen Squad
Dual P-47 Rocket Strike
M4A1 Sherman Medium Tank
Recon Loiter
Dual P-47 Rocket Strike
M4A1 Sherman Medium Tank
Recon Loiter
Dual P-47 Rocket Strike
Recon Loiter
Dual P-47 Rocket Strike
alicebruton
killall
Han
Phenom_53
GALAAD
BlakKrow
hobitt
whiskey
0
0
Comments
sign in to comment!
No comments posted yet!